 Dungeon Crawl Stone Soup version 0.16.2-12-gd0ad4c3 (webtiles) character file.

2382610 mopl the Lightweight Champion (level 27, 172/179 HPs)
             Began as a Tengu Berserker on June 7, 2016.
             Was the Champion of Trog.
             Escaped with the Orb
             ... and 4 runes on June 8, 2016!
             The game lasted 03:22:52 (68974 turns).

mopl the Lightweight Champion (Tengu Berserker)    Turns: 68974, Time: 03:22:52

Health: 172/179    AC: 34    Str: 19    XL:     27
Magic:  43/43      EV: 35    Int:  9    God:    Trog [******]
Gold:   79         SH: 17    Dex: 23    Spells: 0 memorised, 26 levels left

rFire  + + +     SeeInvis .       - Unarmed
rCold  + . .     Clarity  .     k - +6 fire dragon armour
rNeg   . . .     SustAb   .     t - +2 shield {rC+}
rPois  +         Gourm    .     W - +0 hat "Woijuige" {Str-4 Dex+3 Slay+5}
rElec  .         Spirit   .     I - +2 cloak {MR+}
rCorr  .         Warding  .     V - +2 pair of gloves of Mumblety Peg {rF+ Stlth+}
rMut   +         Stasis   .     (boots unavailable)
MR     +++..                    U - amulet of resist mutation
Stlth  +.........               R - +5 ring of protection
                                P - ring of protection from cold

@: flying quickly and evasively, quick, extremely resistant to hostile
enchantments, very unstealthy
A: able to fly continuously, beak, talons 3, poison resistance
a: Stop Flying, Burn Spellbooks, Berserk, Trog's Hand, Brothers in Arms,
Renounce Religion
0: Orb of Zot
}: 4/15 runes: decaying, serpentine, slimy, silver


You escaped.
You worshipped Trog.
Trog was exalted by your worship.
You were full.

You visited 10 branches of the dungeon, and saw 61 of its levels.
You also visited: Labyrinth and Ice Cave.

You collected 8853 gold pieces.
You spent 8774 gold pieces at shops.

Inventory:

Hand weapons
 h - the +8 bardiche of Strak {vamp, Str+3 Int+2}
   (You bought it in a shop on level 4 of the Vaults)

   It inflicts no extra harm, but heals its wielder somewhat when it strikes a
   living foe.
   It affects your strength (+3).
   It affects your intelligence (+2).
 o - the +3 Elemental Staff {rElec rF++ rC++ MR++ AC+5}
   (You bought it in a shop on level 3 of the Vaults)

   It affects your AC (+5).
   It greatly protects you from fire.
   It greatly protects you from cold.
   It insulates you from electricity.
   It affects your resistance to hostile enchantments.
 x - a +9 antimagic quick blade
Armour
 k - a +6 fire dragon armour (worn)
 t - a +2 shield of cold resistance (worn)
 I - a +2 cloak of magic resistance (worn)
 V - the +2 pair of gloves of Mumblety Peg (worn) {rF+ Stlth+}
   (You acquired it on level 2 of the Depths)

   It protects you from fire.
   It makes you more stealthy.
 W - the +0 hat "Woijuige" (worn) {Str-4 Dex+3 Slay+5}
   (You found it on level 9 of the Dungeon)

   It affects your strength (-4).
   It affects your dexterity (+3).
   It affects your accuracy and damage with ranged weapons and melee attacks
   (+5).
Rods
 s - a +7 rod of inaccuracy (17/17)
   (You found it on level 2 of the Elven Halls)
 M - a +7 rod of clouds (13/13)
   (You took it off a deep elf death mage on level 3 of the Elven Halls)
 S - a +7 iron rod (17/17)
   (You took it off a tengu reaver on level 5 of the Vaults)
 T - a +9 rod of shadows (16/16)
   (You found it in a labyrinth)
Jewellery
 q - an uncursed ring of see invisible
 y - a +4 ring of slaying
 D - the amulet of the Four Winds {Clar rN+ MR+++}
   (You took it off a deep elf demonologist on level 3 of the Elven Halls)

   [amulet of clarity]

   It provides mental clarity.
   It protects you from negative energy.
   It affects your resistance to hostile enchantments.
 P - a ring of protection from cold (left hand)
 R - a +5 ring of protection (right hand)
 U - an amulet of resist mutation (around neck)
 Y - an uncursed ring of invisibility
Magical devices
 b - a wand of teleportation (5)
 c - a wand of teleportation (3)
 j - a wand of fire (5)
 l - a wand of disintegration (7)
 n - a wand of fire (5)
 K - a wand of paralysis (5)
 Q - a wand of digging (10)
Scrolls
 g - 36 scrolls of remove curse
 i - 10 scrolls of recharging
 m - 28 scrolls of teleportation
 r - 5 scrolls of fear
 v - 10 scrolls of fog
 B - 9 scrolls of blinking
 H - 15 scrolls of magic mapping
 O - 7 scrolls of summoning
 X - 3 scrolls of silence
Potions
 d - 5 potions of cure mutation {!q}
 e - 9 potions of haste
 u - 6 potions of cancellation
 z - 35 potions of curing
 A - 3 potions of invisibility
 C - 6 potions of agility
 F - 5 potions of might
 G - 8 potions of heal wounds
 J - 4 potions of resistance
 N - 9 potions of restore abilities
Miscellaneous
 f - a phial of floods
 p - a disc of storms
 w - a lamp of fire
 E - a box of beasts
 L - a fan of gales
 Z - a phantom mirror
Comestibles
 a - 22 bread rations


   Skills:
 + Level 20.1 Fighting
 - Level 14.0 Throwing
 + Level 21.4 Armour
 + Level 21.5 Dodging
 - Level 15.1 Shields
 O Level 27 Unarmed Combat
 + Level 19.8 Evocations


You had 26 spell levels left.
You didn't know any spells.

Dungeon Overview and Level Annotations

Branches:
Dungeon (15/15)            Temple (0/1) D:4            Lair (8/8) D:10
  Swamp (5/5) Lair:6        Snake (5/5) Lair:3        Slime (6/6) Lair:8
    Orc (4/4) D:11            Elf (3/3) Orc:4        Vaults (5/5) D:14
  Crypt (0/3) Vaults:2     Depths (5/5) D:15            Zot (5/5) Depths:5

Altars:
Ashenzari
Dithmenos
Kikubaaqudgha
Makhleb
Ru
Trog
Vehumet
Xom
The Shining One
Beogh
Jiyva

Shops:
D:7 ?   D:9 *   D:14 *   Orc:1 }   Orc:4 *=([   Elf:1 *   Vaults:1 !
Vaults:2 ?   Vaults:3 (   Vaults:4 (   Vaults:5 *??%?!!?%   Depths:2 *%:
Depths:3 %![*

Portals:
Hell: Depths:1 Depths:2 Depths:3 Depths:4 Depths:5
Abyss: Depths:4 Depths:5
Pandemonium: Depths:3
Ziggurat: Depths:4
Trove: Vaults:2 (give +4 demon blade)

Annotations:
Elf:2 3 runed doors


Innate Abilities, Weirdness & Mutations

You can fly continuously.
You have a beak for a mouth.
You have claws for feet.
Your system is resistant to poisons.


Message History

There is a stone staircase leading down here.
A red devil comes into view.
It is wielding a trident. 2 red devils come into view.
A balrug comes into view. It is wielding a demon whip.
The balrug shouts!
The balrug gestures at you. Something smites you!
A toenail golem and a sixfirhy come into view.
The sixfirhy completely misses you. You block the red devil's attack.
You block the red devil's attack. You block the sixfirhy's attack.
The toenail golem closely misses you. The sixfirhy completely misses you.
The sixfirhy closely misses you. You block the sixfirhy's attack.
The toenail golem barely misses you. The sixfirhy completely misses you.
You block the sixfirhy's attack. The sixfirhy completely misses you.
You block the sixfirhy's attack. You block the sixfirhy's attack. x2
The sixfirhy misses you. The sixfirhy completely misses you.
There is a staircase leading out of the dungeon here.
You have escaped!

..+.......##..................###
..#######.###.................#..
..#### #####.##.#............#.#
.....# #...................#.#
...#.# #..#.......#........#.#
...#.# #.###.....###.......#.#
...#'######..#.......#........#..
..........#.................).###
..........#.2.4.@#...............
............4.48###..........####
.............4...#>.....#.....#
......####..............#####'###
......# #...#.......#..# #......
......# #..###.....###.# #......
......####...#.......#..# #......
......##.#..............# #......
......##.#.######.[###### #......


You could see a balrug, a toenail golem, a sixfirhy and 3 red devils.

Vanquished Creatures
  the royal jelly (Slime:6)
  10 orbs of fire (Zot:5)
  2 ancient liches (Zot:5)
  Boris (Vaults:2)
  Sojobo (Depths:1)
  Saint Roka (Swamp:5)
  2 curse toes
  2 Killer Klowns (Zot:5)
  2 caustic shrikes
  12 golden dragons
  Xtahua (Vaults:2)
  Frederick (Depths:5)
  A bone dragon (Depths:5)
  A hellephant (D:6)
  4 electric golems
  17 tentacled monstrosities
  24 Orb Guardians
  A deep elf blademaster (Elf:3)
  5 liches
  A quicksilver dragon (Vaults:5)
  24 acid blobs
  4 titans
  8 sphinxes
  The ghost of Charly the Severer, a mighty DDGl of Makhleb (Slime:6)
  10 tengu reavers
  Agnes (Snake:1)
  A thorn hunter (Swamp:4)
  10 azure jellies
  6 shadow dragons
  17 storm dragons
  8 draconian monks
  Donald (Vaults:2)
  Wiglaf (Depths:1)
  13 vault wardens
  Maud (Lair:5)
  7 frost giants
  4 draconian scorchers
  A ghost moth (Zot:3)
  10 deep elf sorcerers
  Louise (Swamp:3)
  10 greater nagas
  4 draconian knights
  11 ironheart preservers
  6 emperor scorpions
  3 orc warlords
  4 draconian zealots
  14 fire giants
  4 spriggan defenders
  7 draconian annihilators
  3 draconian shifters
  10 very ugly things
  A war gargoyle (Vaults:4)
  4 draconian callers (Zot:3)
  5 grey draconians
  2 vampire knights
  6 dire elephants
  8 deep elf demonologists
  17 stone giants
  6 green draconians
  A salamander firebrand (Depths:5)
  11 deep elf annihilators
  Azrael (Snake:1)
  3 purple draconians
  8 white draconians
  6 black draconians
  7 pale draconians
  18 yellow draconians
  3 mottled draconians
  8 red draconians
  Snorg (Swamp:5)
  14 ettins
  A crystal guardian (Vaults:4)
  3 death oozes
  31 vault guards
  22 fire dragons
  10 deep elf death magi
  2 minotaurs
  6 deep elf high priests
  12 yaktaur captains
  23 anacondas
  9 death cobs
  9 great orbs of eyes
  15 ice dragons
  10 centaur warriors
  6 deep troll earth magi
  8 naga warriors
  11 ogre magi
  An alligator (shapeshifter) (Vaults:4)
  3 ghost crabs (Swamp:5)
  31 hydras
  2 catoblepae
  Erica (Orc:2)
  2 dancing weapons (Elf:2)
  30 death yaks
  5 alligators
  9 deep troll shamans
  A large abomination (Elf:3)
  3 vampire magi (Depths:3)
  A tengu warrior (Depths:4)
  20 naga sharpshooters
  10 shock serpents
  5 spriggan berserkers
  4 orc high priests
  A soul eater (Depths:5)
  A sun demon (Depths:3)
  19 deep elf knights
  A shadow wraith (Vaults:2)
  2 skeletal warriors
  2 fire crabs (Vaults:4)
  4 hell knights (Depths:2)
  A hell beast (Depths:5)
  5 iron trolls
  3 flayed ghosts
  2 unseen horrors
  5 ice devils
  5 spriggan druids
  A torturous demonspawn (D:3)
  14 swamp dragons
  34 deep trolls
  A harpy (shapeshifter) (Vaults:1)
  6 salamander mystics
  17 deep elf summoners
  3 giant orange brains
  An unseen horror (shapeshifter) (Depths:1)
  3 shambling mangroves
  9 naga ritualists
  2 ice statues (IceCv)
  11 hill giants
  Erolcha (D:8)
  41 ugly things
  14 orc knights
  24 deep elf conjurers
  An orb spider (shapeshifter) (Elf:3)
  5 harpies (Vaults:3)
  5 wolf spiders (Vaults:4)
  9 ironbrand convokers
  3 necromancers
  6 orc sorcerers
  21 salamanders
  2 cyclopes (Vaults:2)
  11 mana vipers
  5 hornets
  7 wizards
  16 moths of wrath
  8 guardian serpents (Snake:5)
  2 elephants (shapeshifter)
  A hornet (shapeshifter) (D:15)
  3 centaur zombies
  47 black mambas
  4 griffons
  5 phantasmal warriors
  4 manticores
  4 shining eyes
  A sixfirhy (Depths:1)
  4 rust devils
  2 salamanders (shapeshifter)
  15 naga magi
  An octopode (shapeshifter) (Vaults:1)
  An eye of devastation (Depths:2)
  9 elephants
  4 torpor snails
  15 vault sentinels
  A queen ant (Lair:8)
  3 orange demons
  4 gargoyles
  An orange crystal statue (Depths:4)
  3 demonic crawlers
  5 spectral swamp worms (Depths:2)
  12 komodo dragons
  2 yellow draconian zombies (Zot:4)
  34 spiny frogs
  An elf (Depths:3)
  A red draconian zombie (Zot:5)
  61 yaktaurs
  6 trolls
  A tormentor (Depths:3)
  2 wind drakes (Zot:3)
  A tengu conjurer (D:14)
  9 blue devils
  A small abomination (Elf:3)
  5 fire drakes
  12 two-headed ogres
  8 giant leeches
  A polar bear (Lair:7)
  12 deep elf priests
  A queen bee (Lair:3)
  Sonja (D:13)
  2 red devils
  60 slime creatures
  26 blink frogs
  7 baby alligators
  A two-headed ogre (shapeshifter) (Elf:2)
  A wind drake (shapeshifter) (Elf:3)
  10 freezing wraiths
  10 bog bodies
  4 boulder beetles
  A minotaur skeleton (Lab)
  A raven (shapeshifter) (Vaults:5)
  4 basilisks
  A blink frog (shapeshifter) (Elf:3)
  4 wandering mushrooms (Lab)
  A frost giant simulacrum (Vaults:2)
  15 ravens
  29 deep elf magi
  A trapdoor spider (D:12)
  8 redbacks
  2 wraiths (Vaults:1)
  A baby alligator (shapeshifter) (Elf:3)
  3 vampires
  17 spriggans
  2 tarantellas
  A tarantella (shapeshifter) (Vaults:2)
  3 air elementals (Depths:2)
  A spriggan (shapeshifter) (Vaults:4)
  13 golden eyes
  2 humans (Depths:3)
  28 yaks
  3 mottled dragons
  Grum (Orc:2)
  31 vampire mosquitoes
  A steam dragon (D:13)
  3 fire elementals (Snake:1)
  2 shadows
  60 nagas
  13 wargs
  10 hippogriffs
  22 wolves
  21 deep elf fighters
  11 insubstantial wisps
  Edmund (D:7)
  A soldier ant (shapeshifter) (Vaults:2)
  6 hungry ghosts
  12 porcupines
  41 water moccasins
  3 hell hounds (Snake:1)
  19 swamp worms
  49 orc warriors
  10 soldier ants
  2 black bears
  19 swamp drakes
  An ice beast (shapeshifter) (Vaults:5)
  2 sky beasts (D:13)
  40 ogres
  15 wasps
  3 phantoms
  An ogre (shapeshifter) (Elf:2)
  21 centaurs
  A boggart (shapeshifter) (Depths:4)
  8 boggarts
  10 crocodiles
  2 eyes of draining
  8 spiders (Snake:4)
  3 ice beasts
  A boring beetle (Lair:8)
  Sigmund (D:2)
  A lost soul (Elf:3)
  Duvessa (D:8)
  A brain worm (shapeshifter) (Vaults:5)
  2 brain worms
  40 giant frogs
  2 big kobolds (D:10)
  Blork the orc (D:4)
  2 wyvern zombies
  2 scorpions
  A wyvern skeleton (D:14)
  2 spectral wolves (Depths:3)
  47 killer bees
  A troll zombie (Orc:4)
  7 wights (D:10)
  3 electric eels
  Dowan (D:8)
  2 quasits
  A giant frog zombie (D:5)
  2 human simulacra (Vaults:1)
  14 hounds
  9 crimson imps
  4 draconian simulacra (IceCv)
  18 orc priests
  A goliath beetle (D:7)
  6 centaur skeletons
  50 jellies
  11 iguanas
  2 iron imps
  31 worker ants
  Natasha (twice) (D:5)
  39 orc wizards
  A spriggan simulacrum (IceCv)
  7 hell rats
  3 troll simulacra (IceCv)
  12 sheep
  Ijyb (D:7)
  A centaur simulacrum (IceCv)
  A hound zombie (D:5)
  A hound skeleton (D:7)
  A mummy (D:14)
  2 worker ant zombies
  55 river rats
  26 adders
  13 gnolls
  A naga simulacrum (IceCv)
  2 giant mites
  A white imp (D:9)
  A worm (D:2)
  A giant eyeball (Depths:2)
  6 shadow imps
  An adder skeleton (D:8)
  An adder zombie (D:6)
  4 giant geckos
  An ooze (D:2)
  174 orcs
  20 bats
  26 goblins
  20 hobgoblins
  13 jackals
  12 quokkas
  A ball python (D:1)
  5 giant cockroaches
  4 giant newts
  A giant spore (D:12)
  34 kobolds
  2 orc zombies (Orc:4)
  A quokka zombie (D:5)
  10 rats
  8 ballistomycetes (D:12)
  2 briar patches (Swamp:4)
  A crawling corpse (Elf:3)
  3 fungi
  A plant (D:10)
2877 creatures vanquished.

Vanquished Creatures (collateral kills)
  Mara (Swamp:5)
  A titan (Depths:3)
  A swamp drake (Swamp:5)
  5 orcs (Orc:2)
8 creatures vanquished.

Vanquished Creatures (others)
  2 eldritch tentacles (Depths:4)
  A greater naga (Snake:5)
  A draconian zealot (Zot:3)
  A Killer Klown zombie (Zot:5)
  A stone giant (Depths:3)
  A deep elf knight (Elf:3)
  2 deep elf conjurers (Elf:1)
  A moth of wrath (Zot:4)
  A two-headed ogre (Lab)
  A troll (Zot:4)
  2 redbacks (Elf:3)
  A deep elf fighter (Vaults:4)
  2 orc warriors (Swamp:5)
  An ogre (Vaults:5)
  2 wasps
  3 lost souls
  2 orc priests
  A hell rat (Elf:3)
  An adder (Lair:6)
  An ufetubus (Zot:4)
  3 orcs
  3 giant spores
  164 eldritch tentacle segments (Depths:4)
  23 fungi
  4 plants
225 creatures vanquished.

Grand Total: 3110 creatures vanquished

Notes
Turn   | Place    | Note
--------------------------------------------------------------
     0 | D:1      | mopl, the Tengu Berserker, began the quest for the Orb.
     0 | D:1      | Reached XP level 1. HP: 14/14 MP: 1/1
   140 | D:1      | Reached XP level 2. HP: 19/19 MP: 3/3
   174 | D:1      | Reached skill level 4 in Unarmed Combat
   807 | D:1      | Reached XP level 3. HP: 23/23 MP: 4/4
   961 | D:2      | Acquired Trog's second power
  1278 | D:2      | Reached skill level 5 in Unarmed Combat
  1474 | D:2      | Reached XP level 4. HP: 25/28 MP: 5/5
  1679 | D:2      | Noticed Sigmund
  1694 | D:2      | Killed Sigmund
  1694 | D:2      | Reached skill level 6 in Unarmed Combat
  1694 | D:2      | Reached XP level 5. HP: 25/32 MP: 7/7
  2333 | D:3      | Reached skill level 7 in Unarmed Combat
  2458 | D:3      | Reached XP level 6. HP: 32/37 MP: 8/8
  3008 | D:3      | Found a burning altar of Makhleb.
  3020 | D:3      | Found a shimmering altar of Xom.
  3198 | D:4      | Reached skill level 8 in Unarmed Combat
  3201 | D:4      | Reached XP level 7. HP: 41/41 MP: 9/9
  3275 | D:4      | Noticed Blork the orc
  3285 | D:4      | Killed Blork the orc
  3297 | D:4      | Reached skill level 9 in Unarmed Combat
  3622 | D:4      | Acquired Trog's third power
  3654 | D:4      | Found a staircase to the Ecumenical Temple.
  3949 | D:5      | Entered Level 5 of the Dungeon
  3953 | D:5      | Reached skill level 10 in Unarmed Combat
  3966 | D:4      | Reached XP level 8. HP: 28/46 MP: 11/11
  4548 | D:5      | Noticed Natasha
  4553 | D:5      | Killed Natasha
  4582 | D:5      | Reached skill level 11 in Unarmed Combat
  4801 | D:6      | Found Osuas' Magic Scroll Emporium.
  4814 | D:6      | Bought 3 scrolls of noise for 33 gold pieces
  4814 | D:6      | Bought a scroll of enchant armour for 82 gold pieces
  4814 | D:6      | Bought a scroll of identify for 22 gold pieces
  4814 | D:6      | Bought a scroll of summoning for 104 gold pieces
  5028 | D:5      | Noticed Natasha
  5033 | D:5      | Killed Natasha
  5170 | D:6      | Found a radiant altar of Vehumet.
  5437 | D:7      | Found a shattered altar of Ashenzari.
  5437 | D:7      | Noticed Ijyb
  5447 | D:7      | Killed Ijyb
  5467 | D:7      | Found a glowing golden altar of the Shining One.
  5582 | D:7      | Received a gift from Trog
  5588 | D:7      | Noticed Edmund
  5594 | D:7      | Killed Edmund
  5594 | D:7      | Reached XP level 9. HP: 52/52 MP: 12/12
  5668 | D:7      | Found Netylaol's Magic Scroll Boutique.
  5675 | D:7      | Bought a scroll of fear for 52 gold pieces
  5725 | D:6      | Found a shadowy altar of Dithmenos.
  5725 | D:6      | Found a bloodstained altar of Trog.
  5966 | D:7      | Found a sacrificial altar of Ru.
  6091 | D:8      | Noticed Erolcha
  6103 | D:8      | Killed Erolcha
  6103 | D:8      | Reached skill level 12 in Unarmed Combat
  6352 | D:8      | Noticed Dowan
  6763 | D:8      | Reached skill level 5 in Fighting
  6769 | D:8      | Reached skill level 5 in Dodging
  6795 | D:8      | Noticed Duvessa
  6822 | D:9      | Reached skill level 5 in Armour
  6949 | D:9      | Reached XP level 10. HP: 41/59 MP: 13/13
  7193 | D:8      | Killed Duvessa
  7201 | D:8      | Killed Dowan
  8022 | D:9      | Got a faintly glowing hat
  8028 | D:9      | Identified the +0 hat "Woijuige" {Str-4 Dex+3 Slay+5} (You found it on level 9 of the Dungeon)
  8086 | D:9      | Reached skill level 13 in Unarmed Combat
  8341 | D:9      | Found Awnafut's General Store.
  8347 | D:9      | Bought a scroll of identify for 28 gold pieces
  8463 | D:9      | Received a gift from Trog
  8649 | D:7      | Bought a scroll of identify for 30 gold pieces
  8649 | D:7      | Bought a scroll of identify for 30 gold pieces
  8712 | D:6      | Bought a scroll of amnesia for 38 gold pieces
  8712 | D:6      | Bought a scroll of remove curse for 33 gold pieces
  8712 | D:6      | Bought a scroll of enchant armour for 82 gold pieces
  9072 | D:10     | Entered Level 10 of the Dungeon
  9225 | D:10     | Found a staircase to the Lair.
  9238 | Lair:1   | Entered Level 1 of the Lair of Beasts
  9487 | D:10     | Received a gift from Trog
  9966 | D:11     | Found a labyrinth entrance.
  9976 | Lab      | Entered a labyrinth
 10011 | Lab      | Reached XP level 11. HP: 32/66 MP: 15/15
 10081 | Lab      | Reached skill level 14 in Unarmed Combat
 10392 | Lab      | Noticed a minotaur
 10408 | Lab      | Killed a minotaur
 10445 | Lab      | Got a sparkling amber ring
 10446 | Lab      | Identified the ring of Xyenudukk {+Blink +Inv rF- EV+2 Dex-4 Stlth+} (You found it in a labyrinth)
 10462 | Lab      | Identified a +4 rod of shadows (11/11) (You found it in a labyrinth)
 10463 | Lab      | Identified a +3 rod of clouds (5/13) (You took it off a minotaur in a labyrinth)
 10506 | D:11     | Noticed a manticore
 10513 | D:11     | Killed a manticore
 10751 | D:11     | Found a staircase to the Orcish Mines.
 10846 | D:11     | Noticed a hill giant
 10854 | D:11     | Killed a hill giant
 11695 | D:11     | Noticed a hill giant
 11703 | D:11     | Killed a hill giant
 12260 | Orc:1    | Entered Level 1 of the Orcish Mines
 12648 | Orc:2    | Noticed Grum
 12666 | Orc:2    | Reached skill level 15 in Unarmed Combat
 12670 | Orc:2    | Reached XP level 12. HP: 74/74 MP: 16/16
 12725 | Orc:2    | Killed Grum
 12731 | Orc:2    | Received a gift from Trog
 12806 | Orc:1    | Found Guna's Quality Used Wands.
 13002 | Orc:2    | Noticed Erica
 13016 | Orc:2    | Killed Erica
 13464 | Orc:3    | Received a gift from Trog
 13552 | Orc:3    | Found a roughly hewn altar of Beogh.
 14075 | Orc:4    | Entered Level 4 of the Orcish Mines
 14077 | Orc:4    | Found a staircase to the Elven Halls.
 14152 | Orc:4    | Received a gift from Trog
 14165 | Orc:4    | Noticed an orc high priest
 14302 | Orc:3    | Killed an orc high priest
 14346 | Orc:4    | Found Thugg's Antique Weapon Boutique.
 14372 | Orc:4    | Noticed an orc high priest
 14377 | Orc:4    | Noticed an orc high priest
 14381 | Orc:4    | Killed an orc high priest
 14382 | Orc:4    | Noticed an orc warlord
 14395 | Orc:4    | Killed an orc warlord
 14395 | Orc:4    | Reached skill level 16 in Unarmed Combat
 14396 | Orc:4    | Found Vuece's Antique Armour Emporium.
 14399 | Orc:4    | Killed an orc high priest
 14446 | Orc:4    | Found Giaf's Jewellery Emporium.
 14457 | Orc:4    | Reached XP level 13. HP: 80/80 MP: 17/17
 14740 | Orc:4    | Found Erus' General Store.
 14790 | Orc:4    | Bought a potion of curing for 42 gold pieces
 14790 | Orc:4    | Bought 2 potions of curing for 84 gold pieces
 14790 | Orc:4    | Bought a scroll of identify for 28 gold pieces
 14795 | Orc:4    | Gained mutation: Your system is resistant to poisons. [potion of beneficial mutation]
 15187 | D:7      | Bought a scroll of blinking for 112 gold pieces
 15187 | D:7      | Bought a scroll of teleportation for 45 gold pieces
 15187 | D:7      | Bought a scroll of summoning for 142 gold pieces
 15187 | D:7      | Bought a scroll of enchant armour for 112 gold pieces
 15187 | D:7      | Bought a scroll of summoning for 142 gold pieces
 15255 | D:6      | Bought a scroll of recharging for 104 gold pieces
 15354 | D:9      | Bought a scroll of enchant weapon for 105 gold pieces
 15354 | D:9      | Bought a scroll of torment for 105 gold pieces
 15354 | D:9      | Bought a scroll of recharging for 133 gold pieces
 16163 | Lair:1   | Reached skill level 1 in Evocations
 16346 | Lair:1   | Received a gift from Trog
 16756 | Lair:2   | Reached skill level 10 in Fighting
 16756 | Lair:2   | Reached skill level 10 in Armour
 16779 | Lair:2   | Reached skill level 1 in Throwing
 16860 | Lair:2   | Got a warped war axe
 16861 | Lair:2   | Identified the +11 war axe of the Vestibule of Hell {chop, Dex+7} (You found it on level 2 of the Lair of Beasts)
 17358 | Lair:2   | Reached skill level 10 in Dodging
 17855 | Lair:3   | Found a staircase to the Snake Pit.
 17873 | Lair:3   | Received a gift from Trog
 19028 | Lair:4   | Reached skill level 17 in Unarmed Combat
 19251 | Lair:4   | Received a gift from Trog
 19831 | Lair:5   | Found a frozen archway.
 19837 | Lair:5   | Reached XP level 14. HP: 39/88 MP: 23/23
 19887 | IceCv    | Entered an ice cave
 20666 | IceCv    | Identified a scroll of acquirement
 20672 | IceCv    | Got a polished buckler
 20678 | IceCv    | Identified the +0 buckler "Laori" {rElec} (You acquired it in an ice cave)
 20879 | Lair:5   | Noticed Maud
 20891 | Lair:5   | Killed Maud
 21445 | Lair:5   | Reached skill level 5 in Evocations
 21747 | Lair:6   | Reached skill level 1 in Shields
 21809 | Lair:6   | Received a gift from Trog
 21819 | Lair:6   | Found a staircase to the Swamp.
 21925 | Lair:6   | Reached skill level 5 in Throwing
 22341 | Lair:6   | Found a staircase to the Slime Pits.
 22811 | Lair:7   | Received a gift from Trog
 23196 | Lair:7   | Got a crude dagger
 23197 | Lair:7   | Identified the +8 dagger "Frucoamn" {pierce, rF+ MP+9} (You found it on level 7 of the Lair of Beasts)
 23303 | Lair:7   | Reached skill level 18 in Unarmed Combat
 23403 | Lair:8   | Entered Level 8 of the Lair of Beasts
 23581 | Lair:7   | Reached XP level 15. HP: 88/93 MP: 26/26
 23666 | Lair:8   | Received a gift from Trog
 23864 | Lair:8   | Got a brightly glowing lajatang {god gift}
 24041 | Lair:8   | Found a viscous altar of Jiyva.
 24041 | Lair:8   | Found a staircase to the Slime Pits.
 24538 | Lair:8   | Received a gift from Trog
 25368 | D:12     | Noticed a hill giant
 25375 | D:12     | Killed a hill giant
 25952 | D:12     | Reached skill level 5 in Shields
 26039 | D:12     | Received a gift from Trog
 26286 | D:13     | Noticed Sonja
 26288 | D:13     | Killed Sonja
 26954 | D:14     | Found a gate to the Vaults.
 26968 | D:14     | Reached XP level 16. HP: 88/101 MP: 28/28
 27191 | D:14     | Reached skill level 19 in Unarmed Combat
 27229 | D:14     | Received a gift from Trog
 27644 | D:14     | Found Twiatsacle's Assorted Antiques.
 27666 | D:14     | Bought a scroll of identify for 74 gold pieces
 27666 | D:14     | Bought a potion of curing for 111 gold pieces
 27666 | D:14     | Bought a potion of curing for 111 gold pieces
 27666 | D:14     | Bought a warped tin ring for 185 gold pieces
 27666 | D:14     | Identified the ring of Scepticism {rPois rF+ Int+4 Dex-4} (You bought it in a shop on level 14 of the Dungeon)
 27868 | D:15     | Entered Level 15 of the Dungeon
 27908 | D:15     | Received a gift from Trog
 28192 | D:15     | Found a staircase to the Depths.
 29080 | Swamp:1  | Entered Level 1 of the Swamp
 30370 | Swamp:2  | Received a gift from Trog
 31218 | Swamp:3  | Reached XP level 17. HP: 86/107 MP: 31/31
 31753 | Swamp:4  | Received a gift from Trog
 32180 | Swamp:4  | Reached skill level 20 in Unarmed Combat
 32460 | Swamp:3  | Noticed Louise
 32481 | Swamp:3  | Killed Louise
 32481 | Swamp:3  | Received a gift from Trog
 32933 | Swamp:5  | Entered Level 5 of the Swamp
 32939 | Swamp:5  | Noticed Mara
 32949 | Swamp:5  | Killed Mara
 32950 | Swamp:5  | Noticed mopl's illusion
 32964 | Swamp:5  | Noticed Snorg
 32969 | Swamp:5  | Killed Snorg
 33059 | Swamp:5  | Reached skill level 10 in Evocations
 33284 | Swamp:5  | Received a gift from Trog
 33615 | Swamp:5  | Noticed Saint Roka
 33630 | Swamp:5  | Killed Saint Roka
 33684 | Swamp:5  | Received a gift from Trog
 33874 | Swamp:5  | Got a decaying rune of Zot
 34126 | Snake:1  | Entered Level 1 of the Snake Pit
 34218 | Snake:1  | Noticed Agnes
 34233 | Snake:1  | Killed Agnes
 34237 | Snake:1  | Reached XP level 18. HP: 109/114 MP: 32/32
 34243 | Snake:1  | Got a heavily runed steel ring
 34245 | Snake:1  | Identified the ring "Zuatt" {-Tele rPois Str-4 Int+3 Dex-5 SInv} (You found it on level 1 of the Snake Pit)
 34426 | Snake:1  | Noticed Azrael
 34439 | Snake:1  | Killed Azrael
 34600 | Snake:1  | Received a gift from Trog
 35223 | Snake:2  | Received a gift from Trog
 36196 | Snake:3  | Reached skill level 21 in Unarmed Combat
 36340 | Snake:3  | Received a gift from Trog
 38269 | Snake:5  | Entered Level 5 of the Snake Pit
 38289 | Snake:5  | Reached XP level 19. HP: 120/120 MP: 33/33
 38313 | Snake:5  | Received a gift from Trog
 39086 | Snake:5  | Received a gift from Trog
 39126 | Snake:5  | Received a gift from Trog
 39166 | Snake:5  | Reached skill level 15 in Armour
 39186 | Snake:5  | Reached skill level 22 in Unarmed Combat
 39232 | Snake:5  | Reached skill level 15 in Dodging
 39281 | Snake:5  | Got a serpentine rune of Zot
 39933 | Lair:1   | Identified the +1 lajatang "Bootwy" {vamp, rPois Int+7} (Trog gifted it to you on level 8 of the Lair of Beasts)
 40036 | Elf:1    | Entered Level 1 of the Elven Halls
 40165 | Elf:1    | Received a gift from Trog
 40248 | Elf:1    | Found Befiudung's Assorted Antiques.
 40257 | Elf:1    | Bought 2 scrolls of teleportation for 174 gold pieces
 40830 | Elf:2    | Reached XP level 20. HP: 128/128 MP: 35/35
 40878 | Elf:2    | Received a gift from Trog
 41202 | Elf:2    | Found a runed gate.
 41203 | Elf:2    | Found a runed gate.
 41203 | Elf:2    | Found a runed gate.
 41343 | Elf:1    | Identified a +2 rod of inaccuracy (10/10) (You found it on level 2 of the Elven Halls)
 41437 | Elf:3    | Entered Level 3 of the Elven Halls
 41594 | Elf:3    | Received a gift from Trog
 41961 | Elf:3    | Received a gift from Trog
 42145 | Elf:3    | Received a gift from Trog
 42650 | Elf:3    | Identified a +5 rod of clouds (4/12) (You took it off a deep elf death mage on level 3 of the Elven Halls)
 42942 | Elf:3    | Received a gift from Trog
 42960 | Elf:3    | Got a wavering copper amulet
 42961 | Elf:3    | Identified the amulet of the Albatross {Clar +Blink rF- Str+4 Int+4 Slay-2} (You found it on level 3 of the Elven Halls)
 43042 | Elf:3    | Reached skill level 15 in Fighting
 43165 | Elf:3    | Received a gift from Trog
 43494 | Elf:3    | Reached skill level 23 in Unarmed Combat
 43969 | Slime:1  | Entered Level 1 of the Pits of Slime
 44006 | Slime:2  | Received a gift from Trog
 44164 | Slime:3  | Reached XP level 21. HP: 134/134 MP: 36/36
 44454 | Slime:6  | Entered Level 6 of the Pits of Slime
 44489 | Slime:6  | Noticed Charly's ghost (mighty DDGl)
 44509 | Slime:6  | Killed Charly's ghost
 44713 | Slime:6  | Found a viscous altar of Jiyva.
 44719 | Slime:6  | Noticed the royal jelly
 44725 | Slime:6  | Killed the royal jelly
 44796 | Slime:6  | Received a gift from Trog
 44812 | Slime:6  | Got a vibrating bone ring
 44846 | Slime:6  | Identified the ring "Clocsomn" {Wiz rPois Int+7} (You found it on level 6 of the Pits of Slime)
 44855 | Slime:6  | Got a warped scale mail
 44866 | Slime:6  | Identified the +8 scale mail "Ghairih" {Str+2} (You found it on level 6 of the Pits of Slime)
 44925 | Slime:6  | Got a slimy rune of Zot
 45341 | Vaults:1 | Entered Level 1 of the Vaults
 45709 | Vaults:1 | Received a gift from Trog
 46095 | Vaults:1 | Found Esir's Distillery.
 46123 | Vaults:1 | Bought a potion of curing for 36 gold pieces
 46123 | Vaults:1 | Bought a potion of curing for 36 gold pieces
 46123 | Vaults:1 | Bought a potion of curing for 36 gold pieces
 46123 | Vaults:1 | Bought a potion of curing for 36 gold pieces
 46123 | Vaults:1 | Bought a potion of cancellation for 96 gold pieces
 46424 | Vaults:1 | Received a gift from Trog
 46588 | Depths:1 | Entered Level 1 of the Depths
 46607 | Depths:1 | Noticed Wiglaf
 46626 | Depths:1 | Killed Wiglaf
 46912 | Depths:1 | Reached XP level 22. HP: 85/141 MP: 37/37
 47397 | Depths:1 | Found a gateway to Hell.
 47442 | Depths:2 | Found a large runed door.
 47442 | Depths:2 | Found a large runed door.
 47754 | Depths:2 | Received a gift from Trog
 47804 | Depths:2 | Found Pleaj's Book Shoppe.
 47848 | Depths:2 | Noticed Sojobo
 47893 | Depths:1 | Killed Sojobo
 47903 | Depths:2 | Reached skill level 24 in Unarmed Combat
 48046 | Depths:2 | Found Gadud's General Store.
 48125 | Depths:2 | Found Duohimoi's Food Emporium.
 48226 | Depths:2 | Got a pair of distressingly furry gloves
 48238 | Depths:2 | Identified the +2 pair of gloves of Mumblety Peg {rF+ Stlth+} (You acquired it on level 2 of the Depths)
 48402 | Depths:2 | Noticed a caustic shrike
 48407 | Depths:2 | Killed a caustic shrike
 48605 | Depths:3 | Received a gift from Trog
 48675 | Depths:3 | Found a one-way gate leading to the halls of Pandemonium.
 49336 | Depths:3 | Reached skill level 15 in Evocations
 49368 | Depths:3 | Received a gift from Trog
 49465 | Depths:3 | Found Twaon's Slaves and Accessories.
 49473 | Depths:3 | Reached skill level 10 in Throwing
 49527 | Depths:3 | Found The Legendary Strantuto's Legendary Smithy.
 49652 | Depths:3 | Found Jack's Jerk-a-riffic Jerky.
 49658 | Depths:3 | Reached XP level 23. HP: 147/147 MP: 38/38
 49733 | Depths:3 | Found Shrathro's Miraculous Elixirs.
 49855 | Depths:3 | Found an ancient bone altar of Kikubaaqudgha.
 50018 | Depths:3 | Received a gift from Trog
 50498 | Depths:4 | Found a one-way gate to the infinite horrors of the Abyss.
 50704 | Depths:4 | Found a runed door.
 50721 | Depths:4 | Found a runed door.
 50761 | Depths:4 | Noticed a caustic shrike
 50774 | Depths:4 | Killed a caustic shrike
 51245 | Depths:4 | Received a gift from Trog
 51465 | Depths:4 | Found a gateway to a ziggurat.
 51762 | Depths:4 | Received a gift from Trog
 51858 | Depths:5 | Entered Level 5 of the Depths
 51877 | Depths:5 | Noticed Frederick
 51936 | Depths:5 | Killed Frederick
 52067 | Depths:5 | Reached skill level 25 in Unarmed Combat
 52081 | Depths:5 | Received a gift from Trog
 52147 | Depths:5 | Received a gift from Trog
 52174 | Depths:5 | Reached XP level 24. HP: 129/154 MP: 39/39
 52277 | Depths:5 | Found a gate to the Realm of Zot.
 52387 | Depths:5 | Received a gift from Trog
 53070 | Zot:1    | Entered Level 1 of the Realm of Zot
 53434 | Zot:1    | Got a transparent broad axe
 53437 | Zot:1    | Identified the +2 broad axe of Imbalance {chop, rN+} (You found it on level 1 of the Realm of Zot)
 53531 | Zot:1    | Received a gift from Trog
 54038 | Zot:2    | Received a gift from Trog
 54741 | Zot:2    | Reached skill level 26 in Unarmed Combat
 54965 | Zot:3    | Reached XP level 25. HP: 160/160 MP: 40/40
 55104 | Zot:3    | Received a gift from Trog
 55401 | Zot:3    | Received a gift from Trog
 55869 | Zot:3    | Reached skill level 27 in Unarmed Combat
 55881 | Zot:3    | Reached skill level 10 in Shields
 55885 | Zot:3    | Received a gift from Trog
 57411 | Zot:4    | Received a gift from Trog
 57449 | Zot:4    | Reached XP level 26. HP: 113/165 MP: 40/40
 57837 | Zot:4    | Received a gift from Trog
 58011 | Zot:5    | Entered Level 5 of the Realm of Zot
 58289 | Zot:5    | Reached skill level 15 in Shields
 59212 | Vaults:2 | Found a portal to a secret trove of treasure.
 59283 | Vaults:2 | Noticed Boris
 59304 | Vaults:2 | Killed Boris
 59322 | Vaults:2 | Found Sanix's Magic Scroll Emporium.
 59331 | Vaults:2 | Bought a scroll of summoning for 171 gold pieces
 59331 | Vaults:2 | Bought a scroll of silence for 135 gold pieces
 59331 | Vaults:2 | Bought a scroll of teleportation for 54 gold pieces
 59346 | Vaults:2 | Noticed Xtahua
 59356 | Vaults:2 | Killed Xtahua
 59607 | Vaults:2 | Received a gift from Trog
 59631 | Vaults:2 | Noticed Donald
 59641 | Vaults:2 | Killed Donald
 59647 | Vaults:2 | Found a staircase to the Crypt.
 60815 | Vaults:3 | Received a gift from Trog
 60987 | Vaults:3 | Found Wuasas' Weapon Shop.
 61021 | Vaults:3 | Bought the +3 Elemental Staff {rElec rF++ rC++ MR++ AC+5} for 1613 gold pieces
 61599 | Vaults:4 | Reached XP level 27. HP: 160/171 MP: 41/41
 62033 | Vaults:4 | Received a gift from Trog
 62216 | Vaults:4 | Received a gift from Trog
 62253 | Vaults:4 | Found Shroomyr's Antique Weapon Boutique.
 62300 | Vaults:4 | Bought a translucent bardiche for 588 gold pieces
 62749 | Vaults:3 | Identified the +8 bardiche of Strak {vamp, Str+3 Int+2} (You bought it in a shop on level 4 of the Vaults)
 63010 | Vaults:4 | Received a gift from Trog
 63231 | Vaults:5 | Entered Level 5 of the Vaults
 63550 | Vaults:4 | Received a gift from Trog
 64544 | Vaults:5 | Received a gift from Trog
 64637 | Vaults:5 | Found Igahauj's Food Shoppe.
 64637 | Vaults:5 | Found Braroteo's Magic Scroll Boutique.
 64721 | Vaults:5 | Bought a scroll of recharging for 152 gold pieces
 64721 | Vaults:5 | Bought a scroll of acquirement for 832 gold pieces
 64721 | Vaults:5 | Bought a scroll of teleportation for 48 gold pieces
 64721 | Vaults:5 | Bought a scroll of fog for 32 gold pieces
 64791 | Vaults:5 | Received a gift from Trog
 64801 | Vaults:5 | Found Strear's Magic Scroll Boutique.
 64806 | Vaults:5 | Bought a scroll of fog for 36 gold pieces
 64806 | Vaults:5 | Bought a scroll of fog for 36 gold pieces
 64806 | Vaults:5 | Bought a scroll of teleportation for 54 gold pieces
 64806 | Vaults:5 | Bought a scroll of summoning for 171 gold pieces
 64931 | Vaults:5 | Found Fruojesa's Distillery.
 64931 | Vaults:5 | Found Cuutosko's Magic Scroll Shop.
 64974 | Vaults:5 | Bought a potion of might for 84 gold pieces
 64974 | Vaults:5 | Bought a potion of restore abilities for 105 gold pieces
 64974 | Vaults:5 | Bought a potion of heal wounds for 105 gold pieces
 64974 | Vaults:5 | Bought a potion of might for 84 gold pieces
 64974 | Vaults:5 | Bought a potion of restore abilities for 105 gold pieces
 64974 | Vaults:5 | Bought a potion of haste for 210 gold pieces
 64974 | Vaults:5 | Bought a potion of curing for 63 gold pieces
 64974 | Vaults:5 | Bought a potion of curing for 63 gold pieces
 64974 | Vaults:5 | Bought a potion of curing for 63 gold pieces
 64974 | Vaults:5 | Bought a potion of haste for 210 gold pieces
 64974 | Vaults:5 | Bought a potion of resistance for 210 gold pieces
 64974 | Vaults:5 | Bought a potion of invisibility for 168 gold pieces
 64974 | Vaults:5 | Bought a potion of invisibility for 168 gold pieces
 64983 | Vaults:5 | Bought a scroll of teleportation for 60 gold pieces
 64983 | Vaults:5 | Bought a scroll of teleportation for 60 gold pieces
 64990 | Vaults:5 | Found Uttonnia's Food Emporium.
 65006 | Vaults:5 | Found Klosos Equne's Distillery.
 65010 | Vaults:5 | Bought a potion of heal wounds for 85 gold pieces
 65010 | Vaults:5 | Bought a potion of curing for 51 gold pieces
 65150 | Vaults:5 | Got a warped dagger
 65151 | Vaults:5 | Identified the +6 dagger of the Ancients {pain, rElec Int-4 Dex+5} (You took it off an ironheart preserver on level 5 of the Vaults)
 65164 | Vaults:5 | Received a gift from Trog
 65192 | Vaults:5 | Got a silver rune of Zot
 65300 | Vaults:5 | Received a gift from Trog
 65476 | Vaults:5 | Found Kuantaek's Assorted Antiques.
 65563 | Vaults:5 | Bought a curved bronze wand for 132 gold pieces
 65572 | Vaults:5 | Bought a potion of curing for 99 gold pieces
 65779 | Vaults:5 | Found Frosiohu's Magic Scroll Emporium.
 65789 | Vaults:5 | Bought a scroll of teleportation for 72 gold pieces
 65789 | Vaults:5 | Bought a scroll of teleportation for 72 gold pieces
 65927 | Vaults:5 | Got a distressingly furry shield
 65932 | Vaults:5 | Identified the +0 shield of Patience {rC+} (You found it on level 5 of the Vaults)
 66508 | Zot:5    | Noticed an orb of fire
 66530 | Zot:5    | Killed an orb of fire
 67089 | Zot:5    | Noticed an orb of fire
 67096 | Zot:5    | Killed an orb of fire
 67105 | Zot:5    | Received a gift from Trog
 67555 | Zot:5    | Noticed an orb of fire
 67568 | Zot:5    | Killed an orb of fire
 67615 | Zot:5    | Noticed an orb of fire
 67634 | Zot:5    | Killed an orb of fire
 67689 | Zot:5    | Noticed an orb of fire
 67704 | Zot:5    | Killed an orb of fire
 67823 | Zot:5    | Noticed an ancient lich
 67832 | Zot:5    | Killed an ancient lich
 67881 | Zot:5    | Noticed an orb of fire
 67910 | Zot:5    | Killed an orb of fire
 68031 | Zot:5    | Noticed an orb of fire
 68050 | Zot:5    | Killed an orb of fire
 68110 | Zot:5    | Noticed an ancient lich
 68119 | Zot:5    | Killed an ancient lich
 68190 | Zot:5    | Noticed an orb of fire
 68210 | Zot:5    | Killed an orb of fire
 68249 | Zot:5    | Noticed an orb of fire
 68252 | Zot:5    | Noticed an orb of fire
 68272 | Zot:5    | Killed an orb of fire
 68285 | Zot:5    | Killed an orb of fire
 68411 | Zot:5    | Got the Orb of Zot
 68761 | D:9      | Noticed Kyxejiamiu the pandemonium lord
 68974 | D:$      | Escaped with the Orb!

Action                   |  1- 3 |  4- 6 |  7- 9 | 10-12 | 13-15 | 16-18 | 19-21 | 22-24 | 25-27 || total
-------------------------+-------+-------+-------+-------+-------+-------+-------+-------+-------++-------
Melee: Unarmed           |    99 |   153 |   257 |   665 |  1285 |  1519 |  1406 |  1784 |  2382 ||  9550
Throw: Tomahawk          |       |       |       |    10 |       |       |       |       |       ||    10
       Throwing net      |       |       |       |       |     1 |       |       |       |       ||     1
       Javelin           |       |       |       |       |       |       |     3 |       |       ||     3
Invok: Berserk           |     1 |     2 |     7 |    11 |    18 |    14 |     8 |     8 |    19 ||    88
       Trog's Hand       |       |     2 |     5 |    10 |     6 |     9 |     9 |    10 |    14 ||    65
       Burn Spellbooks   |       |       |     2 |     3 |     4 |     5 |     5 |       |     6 ||    25
       Brothers in Arms  |       |       |       |     2 |       |     2 |       |     1 |     1 ||     6
 Abil: Fly               |       |       |       |       |     2 |     2 |       |       |     1 ||     5
       Stop Flying       |       |       |       |       |       |       |       |       |     1 ||     1
Evoke: Rod               |       |       |       |     2 |     4 |       |     7 |       |    33 ||    46
       Wand              |       |       |       |       |     1 |       |    21 |     5 |       ||    27
  Use: Scroll            |       |     1 |     2 |     6 |    13 |    14 |    16 |    15 |    35 ||   102
       Potion            |       |       |       |     3 |     1 |     1 |     2 |     1 |     7 ||    15
 Stab: Sleeping          |       |       |       |     5 |       |       |       |     4 |     1 ||    10
       Confused          |       |       |       |       |     1 |     2 |       |       |     1 ||     4
       Fleeing           |       |       |       |       |     1 |       |       |       |       ||     1
       Held in net/web   |       |       |       |       |     1 |       |       |       |       ||     1
       Paralysed         |       |       |       |       |     1 |       |       |       |       ||     1
       Distracted        |       |       |       |       |       |     2 |       |     1 |     4 ||     7
       Petrified         |       |       |       |       |       |       |       |     5 |       ||     5
  Eat: Chunk             |     2 |     7 |    20 |    32 |    48 |    42 |    31 |     3 |     4 ||   189
       Beef jerky        |       |       |     1 |       |     2 |     2 |     3 |     2 |     2 ||    12
       Pizza             |       |       |     1 |       |     1 |     2 |       |     1 |     2 ||     7
       Bread ration      |       |       |       |     1 |       |     1 |     2 |     2 |     9 ||    15
       Meat ration       |       |       |       |       |     2 |       |     1 |     5 |     7 ||    15
       Fruit             |       |       |       |       |       |     2 |       |       |       ||     2
       Royal jelly       |       |       |       |       |       |     1 |     1 |       |       ||     2
